 Dungeon Crawl Stone Soup version 0.27.1-4-g1640c2035a (webtiles) character file.

Game seed: 8933058803077590637

9 ABBCCCDDDD the Sneak (level 2, 0/27 HPs)
             Began as a Hill Orc Delver on Nov 2, 2021.
             Slain by an ufetubus (3 damage)
             ... on level 5 of the Dungeon.
             The game lasted 00:01:40 (304 turns).

ABBCCCDDDD the Sneak (Hill Orc Delver)               Turns: 304, Time: 00:01:41

Health: 0/27       AC:  4    Str: 14    XL:     2   Next: 12%
Magic:  2/2        EV: 11    Int: 10    God:
Gold:   0          SH:  0    Dex: 12    Spells: 1/1 levels left

rFire    . . .     SeeInvis .   a - +0 hand axe
rCold    . . .     Faith    .   (no shield)
rNeg     . . .     Spirit   .   b - +0 leather armour
rPois    .         Reflect  .   h - +0 helmet
rElec    .         Harm     .   (no cloak)
rCorr    .         Rampage  .   (no gloves)
Will     .....                  (no boots)
Stlth    ++........             (no amulet)
HPRegen  0.09/turn              (no ring)
MPRegen  0.08/turn              (no ring)

@: no status effects
A: no striking features
a: no special abilities


You were on level 5 of the Dungeon.
You visited 1 branch of the dungeon, and saw 1 of its levels.

Inventory:

Hand Weapons
 a - a +0 hand axe (weapon)
Armour
 b - a +0 leather armour (worn)
 h - a +0 helmet (worn)
Wands
 g - a wand of digging (3)
Scrolls
 c - a scroll of fog
 d - a scroll of magic mapping
 e - a scroll of fear
Potions
 f - a potion of haste


   Skills:
 + Level 3.8 Fighting
 * Level 3.2 Axes
 + Level 0.7 Armour
 - Level 1.5 Dodging
 - Level 4.1 Stealth


You had one spell level left.
You didn't know any spells.
Your spell library was empty.

Dungeon Overview and Level Annotations

Branches:
Dungeon (5/15)
 Temple: D:4-7

Altars:


Message History

You see here 18 arrows.
The ufetubus closely misses you. The ufetubus barely misses you.
The ufetubus barely misses you. The ufetubus hits you. The ufetubus hits you.
The ufetubus barely misses you. The ufetubus hits you.
The ufetubus hits you but does no damage.
The ufetubus closely misses you.
The ufetubus hits you but does no damage.
The ufetubus barely misses you. The ufetubus hits you.
Found a glowing ring mail.
The ufetubus hits you. The ufetubus barely misses you. The ufetubus misses you.
The ufetubus closely misses you. The ufetubus barely misses you. x2
The orc shouts!
The ufetubus barely misses you. The ufetubus misses you.
A scorpion comes into view.
The ufetubus hits you.
* * * LOW HITPOINT WARNING * * *
The ufetubus barely misses you.
A gnoll shaman comes into view. It is wielding a +0 club.
A jelly comes into view.
A gnoll comes into view. It is wielding a +0 club.
The ufetubus closely misses you.
The ufetubus hits you but does no damage.
A gnoll comes into view. It is wielding a +0 spear.
A gnoll comes into view. It is wielding a +0 club.
The ufetubus closely misses you. The ufetubus barely misses you.
The ufetubus barely misses you. The ufetubus closely misses you.
The scorpion stings you.
* * * LOW HITPOINT WARNING * * *
The ufetubus hits you.
* * * LOW HITPOINT WARNING * * *
The ufetubus barely misses you. The ufetubus barely misses you.
The ufetubus closely misses you. The ufetubus barely misses you.
The ufetubus closely misses you. The ufetubus hits you.
* * * LOW HITPOINT WARNING * * *
The ufetubus closely misses you. The ufetubus completely misses you.
The ufetubus hits you.
You die...

#.#............o##...JY#...#.
##....#........####..........
#...........Z## ##.o........
#.#.........o## #......#....
#######..###.## ##.#...#....
##.# #.s# ##.?....#.... #.#
##.###...g........
#.####5.#..##g..##....
#....@..Z.# #....#.#..
............# #..(.#....
....####....# #....#...# ###
##....##........#
#....#....####.. .##....?##
##. ######.## ## #. # #. ##


You could see a scorpion, an ufetubus and a bullfrog zombie (wandering).

Levels and vault maps discovered:
D:5:      layout_layer_cave, minmay_small_thing

Notes
Turn   | Place    | Note
-------+----------+-------------------------------------------
     0 | D:5      | ABBCCCDDDD the Hill Orc Delver began the quest for the Orb.
     0 | D:5      | Reached XP level 1. HP: 19/19 MP: 1/1
    92 | D:5      | Reached XP level 2. HP: 22/27 MP: 2/2
   152 | D:5      | Noticed an ogre
   179 | D:5      | Noticed an ogre
   263 | D:5      | Noticed an ice beast
   285 | D:5      | Noticed a scorpion
   304 | D:5      | Slain by an ufetubus

Table legend: (Time is in decaauts)
 A = Elapsed time spent in this place.
 B = Non-inter-level travel time spent in this place.
 C = Inter-level travel time spent in this place.
 D = Time resting spent in this place.
 E = Time spent auto-exploring this place.
 F = Levels seen in this place.
 G = Mean time per level.
                   A        B        C        D        E       F      G
               +--------+--------+--------+--------+--------+-----+--------+
         Total |    307 |    307 |      0 |     50 |     21 |   1 |  307.0 |
       Dungeon |    307 |    307 |      0 |     50 |     21 |   1 |  307.0 |
               +--------+--------+--------+--------+--------+-----+--------+

Top non-repeatable levels by time:
     D:5: 307 daAuts

Table legend:
 A = Kills in this place as a percentage of kills in entire the game.
 B = Kills by you in this place as a percentage of kills by you in the entire game.
 C = Kills by friends in this place as a percentage of kills by friends in the entire game.
 D = Other kills in this place as a percentage of other kills in the entire game.
 E = Experience gained in this place as a percentage of experience gained in the entire game.
 F = Experience gained in this place divided by the number of levels of this place that you have seen.
                   A       B       C       D       E      F
               +-------+-------+-------+-------+-------+----------------------
         Total | 100.0 | 100.0 |   N/A |   N/A | 100.0 |  13.0
       Dungeon | 100.0 | 100.0 |   N/A |   N/A | 100.0 |  13.0
               +-------+-------+-------+-------+-------+----------------------

Action                   || total
-------------------------++-------
Melee: Hand axe          ||    16
Armor: Leather armour    ||    22
Dodge: Dodged            ||    60

Vanquished Creatures
  An adder (D:5)
1 creature vanquished.
